Umenahisha, neutral female human Wizard ----- ##....-######-------- -------- ---------- ------ # |...| #-......| |..[(..-# #.........| |....|### |...| |......| |......|# ###|........| |.B..|## |...| |......| -.------# # |........| |.@f.|####-...| |......| # # ### |........+# #.....|# ----- |......| ### # # |........|# #|....-# |..>...| # # # ----------# #-l---- -------- # # # # # # # # # # ### ### # # # # # # -.--- # # # ###### |.<.| ### ## # ----------|----- |...| #-----###################### ##....[..........| |...| #|...|# #--------# # |..............| |...| #|....# #|.......######...............| |...| #-...| #.^.....| ---------------- ----- ----- -------- Umenahisha the Conjurer Experience level: 4 Strength: 13 Dexterity: 16 Constitution: 14 Intelligence: 16 Wisdom: 7 Charisma: 11 Health: 0(33) Energy: 31(31) Def: 3 Gold: 476 Moves: 2726 Dungeon seed: td4LU7aCdLmdH_aL Game ID: Umenahisha_1486743728 Your Inventory: Coins $ - 476 gold pieces Weapons a - a blessed +1 quarterstaff s - 2 +0 orcish daggers (wielded) Armor e - an uncursed +0 cloak of magic resistance (being worn) y - an uncursed +0 pair of high boots (being worn) z - an uncursed corroded +0 orcish helm (being worn) Comestibles F - an uncursed lichen corpse Scrolls i - 2 uncursed scrolls of teleportation j - a blessed scroll of punishment t - 2 uncursed scrolls of light A - an uncursed scroll of identify Spellbooks k - a blessed spellbook of force bolt l - an uncursed spellbook of sleep o - an uncursed spellbook of sleep Potions f - a blessed potion of healing g - a blessed potion of restore ability h - 2 uncursed potions of levitation u - an uncursed potion of sleeping v - an uncursed potion of hallucination C - an uncursed potion of booze D - a cursed potion of healing E - an uncursed potion of paralysis Rings c - an uncursed ring of cold resistance d - an uncursed ring of shock resistance x - an uncursed +1 ring of gain constitution Wands b - a wand of striking (0:4) q - a wand of cancellation (0:3) Tools m - a magic marker (0:53) n - an uncursed skeleton key Gems r - an uncursed worthless piece of red glass Spells and supernatural/magical abilities: Name Level Category Fail Memory a - force bolt 1 attack 0% 87% z - sleep 1 enchantment 0% 87% W - pray for help -- divine ? -- Your skills at the end: Fighting Skills Weapon Skills dagger [Basic] quarterstaff [Basic] Spellcasting Skills attack spells [Basic] enchantment spells [Basic] Final Attributes: You were devoutly aligned. You were magic-protected. You are dead. Vanquished creatures: a fog cloud a shrieker a gray ooze a dwarf a monkey an orc zombie an iguana 2 coyotes 2 geckos 2 jackals 2 goblins 3 sewer rats 5 grid bugs a bat 8 lichens 4 newts 36 creatures vanquished. Voluntary challenges: You used a wielded weapon 59 times, starting on turn 177. You read items or engraved 2 times, starting on turn 269. You never genocided any monsters. You never polymorphed an object. You never changed form. You used no wishes. You never split a pudding. You never wrote Elbereth's name. You never violated your personal moral code. Dungeon overview: The Dungeons of Doom: levels 1 to 6 Level 1 a long staircase Level 2 Level 3 a weapon shop, a sink Level 4 an altar to Ptah Level 5 <- You were here Level 6 History has recorded: On T:1 you entered the Dungeons of Doom to retrieve the Amulet of Yendor! On T:454 you reached level 2 of The Dungeons of Doom. On T:585 you advanced to experience level 2. On T:1297 you advanced to experience level 3. On T:1314 you reached level 3 of The Dungeons of Doom. On T:1731 you reached level 4 of The Dungeons of Doom. On T:1738 you reached level 5 of The Dungeons of Doom. On T:2269 you reached level 6 of The Dungeons of Doom. On T:2509 you advanced to experience level 4. Score breakdown: Gold: 476 ( 9111 points) Experience: 4 levels ( 9649 points) Exploration: 6 levels ( 12.77%) ( 9890 points) Discoveries: 0 items ( 0.00%) ( 0 points) Valuables value: (no points given unless you survive) Artifact value: 0 ( 0 points) Variety of kills: 16 monsters ( 4.20%) ( 6147 points) Turncount: 2726 turns ( -458 points) Survival: died (score multiplied by 80%) Total score: 27471 Latest messages: You displace Honda. There's some graffiti on the floor here. You read: "The say that the ?izard of ?endo? is ?chizcphre ic ard su c?dal.". A gush of water hits Honda's right forelimb! (2x) You displace Honda. You hear some noises. You hear some noises in the distance. The leprechaun hits! Your purse feels lighter. You hear some noises in the distance. (2x) You stop. Honda is in the way! The giant bat just misses! The giant bat bites! You hit the giant bat. The giant bat bites! (3x) You hit the giant bat. The giant bat bites! (2x) Honda misses the giant bat. You hit the giant bat. The giant bat bites! Honda misses the giant bat. The giant bat bites! You miss the giant bat. The giant bat bites! You die... Final status: Goodbye Umenahisha the Wizard, killed by a giant bat... You died in The Dungeons of Doom on dungeon level 5 with 27471 points, and 476 pieces of gold, after 2726 moves. You were level 4 with a maximum of 33 hit points when you died.